 Dungeon Crawl Stone Soup version 0.31-a0-1059-g83d41fd (webtiles) character file.

Game seed: 7891000935423516195

68292 Agrajec the Marksspriggan (level 14, -8/74 HPs)
             Began as a Spriggan Hunter on Nov 20, 2023.
             Was an Initiate of Gozag.
             Mangled by a sixfirhy (9 damage)
             ... summoned by an orc high priest
             ... on level 2 of the Orcish Mines on Nov 21, 2023.
             The game lasted 01:07:55 (24992 turns).

Agrajec the Marksspriggan (Spriggan Hunter)        Turns: 24992, Time: 01:07:56

Health: -8/74      AC:  8    Str:  7    XL:     14   Next: 86%
Magic:  20/23      EV: 45    Int: 10    God:    Gozag
Gold:   5279       SH:  0    Dex: 24    Spells: 19/24 levels left

rFire   + . .        E - +7 arbalest (drain)
rCold   + . .        (shield currently unavailable)
rNeg    . . .        H - +3 robe of the Rose {rC+ Slay+2 Archmagi}
rPois   .            (helmet restricted)
rElec   .            Q - +2 cloak {Stlth+}
rCorr   .            (gloves unavailable)
SInv    +            (boots unavailable)
Will    ++...        h - amulet of the acrobat
Stlth   +++          t - ring of flight
HPRegen 0.32/turn    Y - ring of protection from fire
MPRegen 0.18/turn

%: acrobat, archmagi
@: acrobatic, flying, studying Throwing, very quick
A: very small, no large weapons, unfitting armour, see invisible, speed 3
a: Renounce Religion, Potion Petition, Call Merchant, Bribe Branch


You were on level 2 of the Orcish Mines.
You worshipped Gozag.
Gozag was greatly pleased with you.
You visited 4 branches of the dungeon, and saw 21 of its levels.
You also visited: Gauntlet and Ice Cave.

You collected 5992 gold pieces.
You spent 236 gold pieces at shops.
You paid 477 gold pieces to Gozag.

Inventory:

Hand Weapons
 c - a +2 orcbow of flaming
 E - a +7 arbalest of draining (weapon)
Armour
 H - the +3 robe of the Rose (worn) {rC+ Slay+2 Archmagi}
   (You found it on level 1 of the Lair of Beasts)

   Slay+2:    It affects your accuracy & damage with ranged weapons and melee
   (+2).
   rC+:       It protects you from cold.
   Archmagi:  It increases the power of your magical spells.
 Q - a +2 cloak of stealth (worn)
Jewellery
 g - the ring of Ephemeral Luck {rF++ AC+4 Int+2 Dex-2}
   (You found it on level 1 of the Orcish Mines)

   [ring of protection]

   AC+4:      It affects your AC (+4).
   Int+2:     It affects your intelligence (+2).
   Dex-2:     It affects your dexterity (-2).
   rF++:      It greatly protects you from fire.
 h - an amulet of the acrobat (around neck)
 j - an amulet of guardian spirit
 t - a ring of flight (left hand)
 M - a ring of positive energy
 O - a +6 ring of intelligence
 W - a ring of protection from cold
 Y - a ring of protection from fire (right hand)
Wands
 k - a wand of roots (18)
 q - a wand of mindburst (20)
 r - a wand of charming (6)
 B - a wand of flame (34)
 J - a wand of digging (11)
 Z - a wand of light (11)
Scrolls
 a - 4 scrolls of fear
 b - a scroll of butterflies
 e - 2 scrolls of vulnerability
 f - 5 scrolls of teleportation
 i - a scroll of immolation
 l - 5 scrolls of noise
 y - 2 scrolls of amnesia
 A - a scroll of torment {unknown}
 C - a scroll of silence
 L - a scroll of enchant armour
 P - 2 scrolls of revelation
Potions
 d - 4 potions of curing
 m - a potion of heal wounds
 n - 3 potions of lignification
 o - 3 potions of might
 s - 4 potions of mutation
 u - 3 potions of ambrosia
 v - 7 potions of haste
 z - 2 potions of enlightenment
 D - a potion of brilliance
 I - a potion of berserk rage
 S - a potion of magic
 U - a potion of invisibility
 V - a potion of resistance


   Skills:
 + Level 8.6 Fighting
 - Level 18.0 Ranged Weapons
 + Level 12.9 Dodging
 - Level 1.5 Stealth
 + Level 5.6 Spellcasting
 + Level 8.8 Necromancy
 + Level 8.8 Earth Magic
 - Level 4.0 Evocations


You had 19 spell levels left.
You knew the following spells:

 Your Spells              Type           Power      Damage    Failure   Level
a - Borgnjor's Vile Clut  Necr/Erth      15%        N/A       16%         5

Your spell library contained the following spells:

 Spells                   Type           Power      Damage    Failure   Level
 Cigotuvi's Dreadful Rot  Necr/Pois/Air  26%        N/A       10%         2
 Stone Arrow              Conj/Erth      34%        3d9       11%         3
 Sting                    Tmut/Pois      16%        1d3       22%         1
 Poisonous Vapours        Pois/Air       8%         N/A       32%         2
 Scorch                   Fire           8%         2d5       32%         2
 Animate Armour           Summ/Erth      34%        N/A       34%         4
 Hailstorm                Conj/Ice       4%         3d4       54%         3
 Ignite Poison            Fire/Tmut/Pois 4%         N/A       54%         3
 Ozocubu's Armour         Ice            4%         N/A       54%         3
 Summon Guardian Golem    Hex/Summ       4%         N/A       54%         3
 Death Channel            Necr           15%        N/A       65%         6
 Flame Wave               Conj/Fire      4%         2d5       91%         4
 Olgreb's Toxic Radiance  Pois           4%         N/A       91%         4
 Sticky Flame             Conj/Fire      4%         2d3       91%         4
 Summon Ice Beast         Ice/Summ       4%         N/A       91%         4
 Freezing Cloud           Conj/Ice/Air   2%         6-21      99%         5
 Summon Cactus Giant      Summ           2%         N/A       100%        6
 Orb of Destruction       Conj           2%         9d5       100%        7
 Ozocubu's Refrigeration  Ice            2%         4d7       100%        7
 Spellforged Servitor     Conj/Summ      2%         N/A       100%        7
 Ignition                 Fire           2%         3d3       100%        8
 Lehudib's Crystal Spear  Conj/Erth      8%         10d4      100%        8
 Polar Vortex             Ice            2%         N/A       100%        9
 Animate Dead             Necr           Unusable   N/A       N/A         4
 Simulacrum               Ice/Necr       Unusable   N/A       N/A         6

Dungeon Overview and Level Annotations

Branches:
Dungeon (13/15)            Temple (1/1) D:6            Lair (5/5) D:11
 Shoals (0/4) Lair:2        Snake (0/4) Lair:2        Slime (0/5) Lair:5
    Orc (2/2) D:10          IceCv (visited)         Gauntlet (visited)
    Elf: Orc:2       Vaults: D:13-14

Altars:
Ashenzari
Cheibriados
Dithmenos
Elyvilon
Fedhas
Gozag
Hepliaklqana
Kikubaaqudgha
Makhleb
Nemelex Xobeh
Okawaru
Qazlal
Ru
Sif Muna
Trog
Uskayaw
Vehumet
Wu Jian
Xom
Yredelemnul
Zin
The Shining One
Jiyva

Shops:
D:1 !   D:2 [   Lair:3 [


Innate Abilities, Weirdness & Mutations

You are very small and have problems with some larger weapons.
You are too small for most types of armour.
You have supernaturally acute eyesight. (SInv)
You cover ground extremely quickly. (Speed+++)


Message History

The sixfirhy closely misses you. The sixfirhy hits you.
The sixfirhy shocks you! The sixfirhy barely misses you.
The orc high priest mumbles some strange prayers to Beogh against you.
Beogh smites you!
* * * LOW HITPOINT WARNING * * *
The sixfirhy misses you.
You are too injured to fight recklessly!
You are too injured to fight recklessly!
You are too injured to fight recklessly!
The zombie hands constrict the orc high priest.
The zombie hands constrict the sixfirhy.
The orc high priest struggles to escape constriction.
The hellwing swoops through the air toward you!
The hellwing completely misses you. The hellwing misses you.
The zombie hands constrict the orc high priest.
The zombie hands constrict the sixfirhy.
The orc high priest struggles to escape constriction.
The zombie hands constrict the orc high priest.
The zombie hands constrict the sixfirhy.
The zombie hands constrict the orc high priest.
The zombie hands constrict the sixfirhy.
The orc high priest escapes!
Found 20 gold pieces.
The zombie hands constrict the sixfirhy.
The sixfirhy struggles to escape constriction. x3
The sixfirhy escapes!
The orc high priest prays.
An orc warrior comes into view. It is wielding a +0 trident.
The sixfirhy hits you!
* * * LOW HITPOINT WARNING * * *
The sixfirhy shocks you!
* * * LOW HITPOINT WARNING * * *
The sixfirhy closely misses you.
Okay, then.
As you read the scroll of fog, it dissolves into smoke.
The sixfirhy hits you.
* * * LOW HITPOINT WARNING * * *
The sixfirhy shocks you!
You die...
Your body crumbles into a pile of gold.

.....o.................
...o.4o#...............
...o...........#...... .
......o.......#.....# ...
.......4...§§§§#...# #.##
......o....3§§§#...##...#
..........#.#§§#§.......#
........#...§§§3#§.#.....
.........^...§§#@<....#
.........)#..§§#§§...##
........)......##...##
.......#)##...###$.$#
.......#.###....##....#
#.....#...###.... .....#
###.#.##..# ##..##.##.##
##...#...# ..# ## ##
##.###.## ##


You could see a sixfirhy (summoned).

Vanquished Creatures
  A minotaur (Gauntlet)
  An ettin (D:13)
  Josephine (Lair:4)
  An entropy weaver (Gauntlet)
  The ghost of Sicial the Carver, a journeyman DsGl of Wu Jian (Orc:1)
  2 hydras
  3 centaur warriors
  A merfolk avatar (Lair:5)
  A boulder beetle (Lair:1)
  2 two-headed ogres
  An orc high priest (Orc:1)
  Urug (D:12)
  A skyshark (Lair:5)
  An arcanist (Gauntlet)
  3 ugly things
  2 harpies (Lair:5)
  Pikel (D:7)
  An orc sorcerer (Orc:1)
  4 manticores
  An oklob plant (Lair:1)
  A wolf spider (Gauntlet)
  6 elephants (Lair:3)
  5 cyclopes
  2 moths of wrath (Orc:1)
  Joseph (D:8)
  2 ice statues (IceCv)
  6 black mambas
  2 gargoyles
  2 torpor snails
  15 cane toads
  Maggie (D:6)
  15 komodo dragons
  2 ice devils (Lair:2)
  A freezing wraith (IceCv)
  2 kobold demonologists (D:12)
  6 trolls
  6 polar bears
  A meliai (D:13)
  2 wind drakes
  3 hornets
  Grinder (D:4)
  4 snapping turtles (Lair:5)
  2 dream sheep (Lair:3)
  16 blink frogs
  2 jumping spiders (Gauntlet)
  A shadow (D:10)
  72 yaks
  A slime creature (D:13)
  5 wyverns
  6 wraiths
  Eustachio (D:6)
  3 vampire mosquitoes
  2 basilisks (Lair:5)
  6 steam dragons
  2 death yak simulacra (IceCv)
  Menkaure (D:4)
  3 nagas (Lair:2)
  2 acid dragons
  2 two-headed ogre zombies (D:10)
  10 wargs (Orc:1)
  27 water moccasins
  A black bear (shapeshifter) (D:13)
  An ice beast (D:7)
  12 orc warriors
  5 ogres
  4 centaurs
  A lemure (D:7)
  3 phantoms
  2 kobold brigands (D:12)
  5 necrophages (Lair:3)
  10 bullfrogs
  3 gnoll sergeants
  4 scorpions
  A cane toad simulacrum (IceCv)
  14 wights
  2 troll zombies (D:10)
  An elephant simulacrum (IceCv)
  6 killer bees
  7 electric eels
  17 orc priests
  4 hounds
  4 jellies
  2 gnoll boudas
  2 iguanas
  16 orc wizards
  4 ogre zombies (D:10)
  Robin (D:4)
  21 gnolls
  7 adders
  7 shadow imps
  2 white imps (D:7)
  2 ufetubi (D:6)
  A dart slug (D:3)
  58 orcs
  13 bats
  10 endoplasms
  3 giant cockroaches
  2 gnoll zombies (D:10)
  14 goblins
  12 hobgoblins
  5 jackals
  38 kobolds
  3 quokkas
  4 ball pythons
  5 frilled lizards
  5 gnoll skeletons (D:10)
  10 kobold skeletons (D:12)
  8 kobold zombies (D:12)
  2 orc skeletons (D:10)
  16 orc zombies (D:10)
  6 rats
666 creatures vanquished.

Notes
Turn   | Place    | Note
-------+----------+-------------------------------------------
     0 | D:1      | Agrajec the Spriggan Hunter began the quest for the Orb.
     0 | D:1      | Reached XP level 1. HP: 10/10 MP: 2/2
   157 | D:1      | You fall into a shaft and drop 1 floor!
   194 | D:2      | Reached XP level 2. HP: 14/14 MP: 3/3
   204 | D:2      | Found Kyitwoesuh's Antique Armour Boutique.
   276 | D:1      | Found Faottub's Distillery.
   418 | D:1      | Reached skill level 5 in Ranged Weapons
   518 | D:1      | Reached XP level 3. HP: 18/18 MP: 4/4
  1005 | D:2      | Reached XP level 4. HP: 22/22 MP: 5/5
  1280 | D:2      | Found a shimmering altar of Xom.
  1545 | D:3      | Found a shadowy altar of Dithmenos.
  1587 | D:3      | Reached skill level 6 in Ranged Weapons
  1631 | D:3      | Found a hazy altar of Hepliaklqana.
  1935 | D:3      | Reached XP level 5. HP: 25/25 MP: 6/6
  2007 | D:4      | Noticed Menkaure
  2107 | D:4      | Reached skill level 7 in Ranged Weapons
  2113 | D:4      | Noticed Robin
  2199 | D:4      | Killed Robin
  2211 | D:4      | Noticed a phantom
  2347 | D:4      | Killed Menkaure
  2348 | D:4      | Reached XP level 6. HP: 25/30 MP: 5/7
  2408 | D:4      | Reached skill level 8 in Ranged Weapons
  2467 | D:4      | Reached XP level 7. HP: 33/33 MP: 8/8
  3020 | D:4      | Found a sparkling altar of Nemelex Xobeh.
  3203 | D:4      | Reached skill level 9 in Ranged Weapons
  3351 | D:5      | Entered Level 5 of the Dungeon
  3395 | D:5      | Noticed Grinder
  3412 | D:5      | Paralysed by Grinder for 2 turns
  3535 | D:4      | Killed Grinder
  3536 | D:4      | Reached skill level 5 in Dodging
  3536 | D:4      | Reached XP level 8. HP: 34/37 MP: 6/9
  3841 | D:5      | Reached skill level 10 in Ranged Weapons
  4438 | D:5      | Found the +7 staff of the Meek {protect, meekguard}
  4680 | D:6      | Identified the +1 ring mail "Cura" {Will++}
  4767 | D:6      | Reached skill level 11 in Ranged Weapons
  5115 | D:6      | Reached XP level 9. HP: 33/42 MP: 7/10
  5206 | D:6      | Noticed Eustachio
  5228 | D:6      | Killed Eustachio
  5383 | D:6      | Found a staircase to the Ecumenical Temple.
  5493 | Temple   | Entered the Ecumenical Temple
  5498 | Temple   | Became a worshipper of Gozag Ym Sagoz the Greedy
  5528 | D:6      | Noticed Maggie
  5570 | D:6      | Killed Maggie
  5748 | D:6      | Reached skill level 12 in Ranged Weapons
  6207 | D:7      | Noticed Pikel
  6230 | D:7      | Killed Pikel
  6409 | D:7      | Reached XP level 10. HP: 49/49 MP: 11/11
  6563 | D:7      | Noticed a cyclops
  6571 | D:7      | Killed a cyclops
  7316 | D:7      | Reached skill level 13 in Ranged Weapons
  7500 | D:7      | Found a shimmering blue altar of Sif Muna.
  7507 | D:7      | Found a white marble altar of Elyvilon.
  7507 | D:7      | Found an iron altar of Okawaru.
  7507 | D:7      | Found a sacrificial altar of Ru.
  7509 | D:7      | Found a bloodstained altar of Trog.
  7510 | D:7      | Found a burning altar of Makhleb.
  7512 | D:7      | Found an ornate altar of the Wu Jian Council.
  7818 | D:8      | Noticed Joseph
  7870 | D:8      | Killed Joseph
  7871 | D:8      | Reached skill level 1 in Evocations
  8318 | D:8      | Reached skill level 10 in Dodging
  8335 | D:8      | Found the +5 robe of Misfortune {Harm *Corrode *Slow EV+5}
  8721 | D:9      | Reached skill level 5 in Fighting
  9412 | D:9      | Noticed a two-headed ogre
  9432 | D:9      | Killed a two-headed ogre
  9599 | D:9      | Reached XP level 11. HP: 56/56 MP: 12/12
  9693 | D:10     | Entered Level 10 of the Dungeon
  9842 | D:10     | Identified the +9 hand axe of the Aged Portals {flame,
                  | rPois}
  9897 | D:10     | Reached skill level 14 in Ranged Weapons
 10459 | D:10     | Found a staircase to the Orcish Mines.
 10914 | D:10     | Paralysed by a hornet for 3 turns
 11143 | D:10     | Paralysed by a hornet for 1 turns
 11368 | D:11     | Found a staircase to the Lair.
 11937 | D:11     | Noticed a two-headed ogre
 11960 | D:11     | Killed a two-headed ogre
 12236 | D:11     | Reached skill level 15 in Ranged Weapons
 12614 | Lair:1   | Entered Level 1 of the Lair of Beasts
 12809 | Lair:1   | Noticed an oklob plant
 12815 | Lair:1   | Killed an oklob plant
 12881 | Lair:1   | Identified the +3 robe of the Rose {rC+ Slay+2 Archmagi}
 12889 | Lair:1   | Reached XP level 12. HP: 63/63 MP: 13/13
 13158 | Lair:1   | Learned a level 5 spell: Borgnjor's Vile Clutch
 13265 | Lair:1   | Reached skill level 1 in Spellcasting
 13361 | Lair:1   | Reached skill level 1 in Necromancy
 13361 | Lair:1   | Reached skill level 1 in Earth Magic
 13381 | Lair:1   | HP: 2/64 [poisoned by a black mamba]
 13642 | Lair:1   | Noticed a boulder beetle
 14090 | Lair:1   | Killed a boulder beetle
 14445 | Lair:1   | Noticed an eight-headed hydra
 14462 | Lair:1   | Killed an eight-headed hydra
 14463 | Lair:1   | Reached skill level 16 in Ranged Weapons
 14759 | Lair:2   | Found a staircase to the Snake Pit.
 14814 | Lair:2   | Found a staircase to the Shoals.
 15382 | Lair:2   | Found a frozen archway.
 15393 | IceCv    | Entered an ice cave
 15411 | IceCv    | Found a transporter.
 15446 | IceCv    | Found a transporter.
 15482 | IceCv    | Reached XP level 13. HP: 8/68 MP: 20/20
 15776 | IceCv    | Identified the ring "Vimubu" {*Slow rPois Str+6 Int+5}
 16079 | Lair:2   | Reached skill level 5 in Spellcasting
 16153 | Lair:2   | You are sucked into a shaft and drop 2 floors!
 16208 | Lair:4   | Noticed Josephine
 16222 | Lair:4   | Killed Josephine
 16253 | Lair:4   | Reached skill level 5 in Earth Magic
 16516 | Lair:3   | Reached skill level 5 in Necromancy
 17359 | Lair:3   | Reached skill level 17 in Ranged Weapons
 18248 | Lair:3   | Bought a +2 cloak of stealth for 236 gold pieces
 18978 | Lair:5   | Entered Level 5 of the Lair of Beasts
 19112 | Lair:5   | Found a viscous altar of Jiyva.
 19115 | Lair:5   | Found a staircase to the Slime Pits.
 19453 | Lair:5   | Reached XP level 14. HP: 73/73 MP: 22/22
 19506 | Lair:5   | Identified the +4 falchion of Chaos {flame, rF+ rC+ Int+2
                  | Dex+3}
 19852 | Lair:5   | Identified the +4 quarterstaff of Death's Door {freeze,
                  | Str+2}
 20777 | D:12     | Found a gate leading to a gauntlet.
 20797 | Gauntlet | Entered a Gauntlet
 20797 | Gauntlet | Found a transporter.
 20797 | Gauntlet | Found a transporter.
 20798 | Gauntlet | Found a transporter.
 20798 | Gauntlet | Found a transporter.
 20804 | Gauntlet | Found a transporter.
 20817 | Gauntlet | Found a transporter.
 20818 | Gauntlet | Found a transporter.
 20821 | Gauntlet | Found a transporter.
 20822 | Gauntlet | Found a transporter.
 20822 | Gauntlet | Found a transporter.
 20838 | Gauntlet | Found a transporter.
 20851 | Gauntlet | Found a transporter.
 21530 | Gauntlet | Identified the +5 long sword of Ubelopov {freeze, *Noise
                  | rCorr Dex+5 Stlth+}
 21632 | D:12     | Noticed Urug
 21654 | D:12     | Killed Urug
 21752 | D:12     | Reached skill level 18 in Ranged Weapons
 22013 | D:12     | Found an ancient bone altar of Kikubaaqudgha.
 22684 | D:13     | Noticed a tengu reaver
 23494 | Orc:1    | Entered Level 1 of the Orcish Mines
 23521 | Orc:1    | Found a transporter.
 23692 | Orc:1    | Noticed Sicial's ghost (journeyman DsGl)
 23806 | Orc:1    | Found a transporter.
 24189 | Orc:1    | HP: 1/69 [Sicial's ghost (3)]
 24298 | Orc:1    | Killed Sicial's ghost
 24836 | Orc:1    | Identified the ring of Ephemeral Luck {rF++ AC+4 Int+2
                  | Dex-2}
 24878 | Orc:2    | Entered Level 2 of the Orcish Mines
 24992 | Orc:2    | HP: 1/74 [sixfirhy[an orc high priest] (5)]
 24992 | Orc:2    | Mangled by a sixfirhy

Illustrated notes

Levels and vault maps discovered:
D:1:      eino_arrival_water_star, layout_basic, serial_shops,
          nicolae_shop_waterfront, chequers_serial_rivers_large_a,
          minmay_misc_feat_ornament
D:2:      layout_rooms, serial_shops, nicolae_shop_crystal, basic_altar
D:3:      layout_rooms, worldfamousw_hep_ancestral_shrine,
          grunt_dithmenos_smoke, chequers_garden
D:4:      layout_loops_ring, kennysheep_mini_moat, roderic_batcave,
          uniq_menkaure, uniq_robin
D:5:      layout_cave_pools, hangedman_decor_diamond_cutter,
          hangedman_abyss_or_decor_slice, dk_vineyard_1, pf_guarded_unrand_meek,
          uniq_grinder
D:6:      layout_rooms, minmay_temple_entry_antechambers, uniq_eustachio,
          uniq_maggie
D:7:      cheibrodos_two_vegetables, layout_loops_ring, minitemple, uniq_pikel
D:8:      layout_basic, uniq_joseph
D:9:      layout_stronghold
D:10:     layout_roguey, zombieorc2_lemuel
D:11:     layout_loops_corners, david_lair_shrubbed
D:12:     wander_kiku_kobolds, layout_basic, gauntlet_entry_generic,
          grunt_decor_cap, uniq_urug
D:13:     minmay_expanding_squares, layout_loops_ring
Temple:   nicolae_temple_bog_church
Lair:1:   cheibrodos_lair_river_kwai, layout_loops_ring,
          chequers_serial_rivers_micro_d, minmay_lair_oklob_bushes,
          small_statue_intersection, infiniplex_staircase_pool,
          grunt_megastairs_1
Lair:2:   layout_loops_ring, minmay_shoals_entry_beasts,
          nicolae_snake_entry_squirm, portal_ice_cave_demonic_guard
Lair:3:   layout_loops_ring, columned_hall_lemuel,
          chequers_serial_rivers_micro_b, roderic_carrion_pond,
          beast_lair_carwin_8
Lair:4:   layout_regular_city, chequers_serial_rivers_small_a, st_stairs_13,
          minivault_27, infiniplex_staircase_pool_2, uniq_josephine
Lair:5:   gammafunk_lair_ancient_temple, layout_gridlike, slime_entry_1,
          grunt_megastairs_2
Orc:1:    layout_caves, gammafunk_ghost_berserking_beasts, minmay_orc_keep
Orc:2:    grunt_orc_gardens, layout_caves, grunt_orc_garden, grunt_orc_garden,
          grunt_orc_garden, grunt_orc_garden

Skill      XL: |  1  2  3  4  5  6  7  8  9 10 11 12 13 14 |
---------------+-------------------------------------------+-----
Ranged Weapons | 5 6 7 8 9 11 12 13 15 16 17 18 | 18.0
Dodging        | 3 5 7 8 10 12 | 12.9
Fighting       | 4 5 7 8 |  8.6
Evocations     | 3 4 |  4.0
Spellcasting   | 4 5 |  5.6
Necromancy     | 4 7 8 |  8.8
Earth Magic    | 4 7 8 |  8.8
Stealth        | |  1.5

Action                     |  1- 3 |  4- 6 |  7- 9 | 10-12 | 13-15 || total
---------------------------+-------+-------+-------+-------+-------++-------
   Fire: Shortbow          |   109 |   190 |   391 |       |       ||   690
         Orcbow            |       |       |   121 |   616 |   531 ||  1268
         Arbalest          |       |       |       |   392 |   470 ||   862
   Cast: Borgnjor's Vile C |       |       |       |       |    14 ||    14
 Invoke: Call Merchant     |       |       |       |       |     1 ||     1
  Evoke: Wand              |       |       |       |     5 |     3 ||     8
    Use: Scroll            |       |     6 |     2 |    12 |    23 ||    43
         Potion            |       |       |       |     1 |    10 ||    11
 Armour: Robe              |     9 |    32 |    46 |    80 |   112 ||   279
  Dodge: Dodged            |    52 |    54 |   166 |   246 |   423 ||   941

Table legend: (Time is in decaauts)
 A = Elapsed time spent in this place.
 B = Non-inter-level travel time spent in this place.
 C = Inter-level travel time spent in this place.
 D = Time resting spent in this place.
 E = Time spent auto-exploring this place.
 F = Levels seen in this place.
 G = Mean time per level.
                   A        B        C        D        E       F      G
               +--------+--------+--------+--------+--------+-----+--------+
         Total |  18790 |  18177 |    613 |   4428 |   8238 |  23 |  817.0 |
       Dungeon |  11004 |  10553 |    451 |   2269 |   5298 |  13 |  846.5 |
        Temple |      7 |      5 |      2 |      0 |      0 |   1 |    7.0 |
          Lair |   5616 |   5490 |    126 |   1346 |   2451 |   5 | 1123.2 |
  Orcish Mines |   1211 |   1178 |     33 |    521 |    330 |   2 |  605.5 |
      Ice Cave |    417 |    417 |      0 |    240 |     20 |   1 |  417.0 |
      Gauntlet |    533 |    533 |      0 |     50 |    137 |   1 |  533.0 |
               +--------+--------+--------+--------+--------+-----+--------+

Top non-repeatable levels by time:
  Lair:1: 1619 daAuts
     D:7: 1386 daAuts
    D:10: 1291 daAuts
    D:12: 1154 daAuts
   Orc:1: 1126 daAuts
  Lair:3: 1092 daAuts
     D:6: 1063 daAuts
     D:9: 1041 daAuts
  Lair:2: 1001 daAuts
  Lair:5: 991 daAuts
    D:11: 978 daAuts
     D:4: 962 daAuts
  Lair:4: 912 daAuts
     D:5: 729 daAuts
     D:1: 593 daAuts
